 Dungeon Crawl Stone Soup version 0.23-a0-384-g3a68796 (webtiles) character file.

314 Cryolive the Digger (level 6, -9/36 HPs)
             Began as a Gargoyle Earth Elementalist on Oct 27, 2018.
             Splashed by Ijyb's acid (13 damage)
             ... on level 3 of the Dungeon.
             The game lasted 00:12:26 (3441 turns).

Cryolive the Digger (Gargoyle Earth Elementalist)   Turns: 3441, Time: 00:12:27

Health: -9/36      AC:  1    Str: 12    XL:     6   Next: 43%
Magic:  0/10       EV: 12    Int: 17    God:
Gold:   205        SH:  0    Dex: 10    Spells: 2/11 levels left

rFire    + + .     SeeInvis .   s - +3 quarterstaff (chaos)
rCold    x x .     Gourm    .   (shield currently unavailable)
rNeg     + . .     Faith    .   c - +0 robe
rPois    ∞         Spirit   .   (no helmet)
rElec    +         Reflect  .   t - +2 cloak {+Inv}
rCorr    .         Harm     .   (no gloves)
MR       .....                  (no boots)
Stlth    ++........             (no amulet)
HPRegen  0.12/turn              n - ring of fire
MPRegen  0.12/turn              z - ring of fire

@: corroded
A: negative energy resistance 1, electricity resistance, unbreathing,
petrification resistance, rot immunity, AC +4
a: Evoke Invisibility


You were on level 3 of the Dungeon.
You were hungry.

You visited 1 branch of the dungeon, and saw 3 of its levels.

You collected 205 gold pieces.

Inventory:

Hand Weapons
 q - a +0 flail
 s - a +3 quarterstaff of chaos (weapon)
 A - a cursed -1 rapier
 E - a +0 short sword of venom
Missiles
 b - 101 stones (quivered)
Armour
 c - a +0 robe (worn)
 i - a +0 cloak
 t - a +2 cloak of invisibility (worn)
 C - a +0 buckler
Jewellery
 n - a ring of fire (left hand)
 z - a ring of fire (right hand)
Wands
 a - a wand of flame (16)
 v - a wand of disintegration (12)
 x - a wand of iceblast (9)
Scrolls
 f - 3 scrolls of identify
 j - 2 scrolls of teleportation {unknown}
 l - a scroll of magic mapping {unknown}
 m - a scroll of enchant armour {unknown}
 w - a scroll of enchant weapon {unknown}
 y - a scroll of remove curse {unknown}
 D - a scroll of fear {unknown}
Potions
 e - a potion of haste {unknown}
 g - a potion of curing {unknown}
 h - 2 potions of lignification
 k - a potion of cancellation {unknown}
 o - 2 potions of resistance {unknown}
 r - a potion of flight {unknown}
 u - a potion of agility {unknown}
 B - a potion of berserk rage {unknown}
Comestibles
 d - 9 rations
 p - 2 chunks of flesh


   Skills:
 + Level 2.4 Fighting
 + Level 0.4 Staves
 + Level 2.4 Armour
 + Level 2.5 Dodging
 - Level 2.1 Stealth
 + Level 0.0 Shields
 + Level 3.0 Spellcasting
 + Level 2.3 Conjurations
   Level 0.7 Transmutations
 + Level 4.7 Earth Magic
 + Level 0.1 Evocations


You had 2 spell levels left.
You knew the following spells:

 Your Spells              Type           Power        Failure   Level  Hunger
a - Sandblast             Erth           ###...       2%          1    None
b - Stone Arrow           Conj/Erth      ##....       12%         3    ###....
c - Lee's Rapid Deconstr  Erth           ###.......   56%         5    ######.

Your spell library contained the following spells:

 Spells                   Type           Power        Failure   Level  Hunger
 Passwall                 Tmut/Erth      ##......     9%          2    ##.....
 Petrify                  Tmut/Erth      ##......     50%         4    ####...


Dungeon Overview and Level Annotations

Branches:
Dungeon (3/15)

Altars:

Annotations:
D:3 Ijyb


Innate Abilities, Weirdness & Mutations

You are resistant to torment.
Your stone body is resilient. (AC +4)
You are immune to poison.
You resist negative energy. (rN+)
You are resistant to electric shocks. (rElec)
You can survive without breathing.
You are immune to petrification.
You are immune to rotting.


Message History

Aim: Ijyb, wearing a +0 ring mail and carrying a wand of acid (6) (heavily The stone arrow hits Ijyb.
Ijyb is almost dead.
Ijyb screams, "I no like you!" Ijyb closely misses you.
Casting: Stone Arrow (safe; 12% risk of failure)
Confirm with . or Enter, or press ? or * to list all spells.
Aiming: Sandblast (safe; 2% risk of failure)
Press: ? - help, Shift-Dir - straight line, f/p - Ijyb
Aim: Ijyb, wearing a +0 ring mail and carrying a wand of acid (6) (almost dead)
The blast of sand hits Ijyb.
Ijyb is almost dead.
b - 101 stones Ijyb hits you but does no damage.
You closely miss Ijyb.
Ijyb is almost dead.
Ijyb zaps a wand.
The bolt of acid hits you!
* * * LOW HITPOINT WARNING * * *
The acid corrodes you!
You are splashed with acid!
The acid burns!
You die...

#.# #..#### #.
#.##. #..# # #.
#.##. #..# # #.
#.##.##..#### #.
#.##......... #.
#.# #.......# #.
#.# #.......#
#g#####.###.......#
#.@...............#
#########.#.......#
#.#......÷#
#.#.......#
#.###.##### #.<...#
#######


You could see Ijyb.

Vanquished Creatures
  Crazy Yiuf (D:2)
  Jessica (D:3)
  Terence (D:1)
  Natasha (thrice) (D:2)
  Robin (D:2)
  6 adders
  2 oozes
  3 worms
  3 dart slugs
  2 leopard geckos (D:2)
  An orc (D:3)
  2 ball pythons (D:3)
  6 bats
  3 giant cockroaches
  18 goblins
  6 hobgoblins
  4 kobolds
  3 quokkas
  3 frilled lizards
  7 rats
76 creatures vanquished.

Notes
Turn   | Place    | Note
-------+----------+-------------------------------------------
     0 | D:1      | Cryolive the Gargoyle Earth Elementalist began the quest
                  | for the Orb.
     0 | D:1      | Reached XP level 1. HP: 10/10 MP: 3/3
   208 | D:1      | Reached XP level 2. HP: 16/16 MP: 0/5
   443 | D:1      | Reached skill level 1 in Fighting
   701 | D:1      | Reached skill level 1 in Armour
   713 | D:1      | Reached XP level 3. HP: 18/20 MP: 2/6
   718 | D:1      | Learned a level 3 spell: Stone Arrow
  1226 | D:2      | Noticed Terence
  1263 | D:1      | Killed Terence
  1263 | D:1      | Reached skill level 4 in Earth Magic
  1263 | D:1      | Reached XP level 4. HP: 11/25 MP: 0/7
  1520 | D:2      | Noticed Natasha
  1524 | D:2      | Killed Natasha
  1524 | D:2      | Reached skill level 1 in Conjurations
  1749 | D:2      | Reached XP level 5. HP: 20/30 MP: 5/8
  1812 | D:2      | Noticed Robin
  1847 | D:2      | Killed Robin
  2403 | D:2      | Noticed Natasha
  2411 | D:2      | Killed Natasha
  2608 | D:2      | Found a runed door.
  2672 | D:2      | Noticed Natasha
  2682 | D:2      | Learned a level 5 spell: Lee's Rapid Deconstruction
  2686 | D:2      | Killed Natasha
  2779 | D:2      | Noticed Crazy Yiuf
  2789 | D:2      | Killed Crazy Yiuf
  2789 | D:2      | Reached XP level 6. HP: 18/35 MP: 1/10
  2865 | D:3      | Noticed Jessica
  2953 | D:3      | Killed Jessica
  3436 | D:3      | Noticed Ijyb
  3441 | D:3      | Splashed by Ijyb's acid

Vault maps used:
D:1:      sevenhm_arrival_forest_fort_small_5, minmay_cupped
D:2:      uniq_terence, uniq_natasha, uniq_crazy_yiuf_cottage, uniq_robin
D:3:      uniq_ijyb, uniq_jessica

Skill      XL: |  1  2  3  4  5  6 |
---------------+-------------------+-----
Fighting       | 1 2 |  2.4
Armour         | 1 2 |  2.4
Dodging        | 2 |  2.5
Earth Magic    | 4 |  4.7
Conjurations   | 1 2 |  2.3
Spellcasting   | 3 |  3.0
Staves         | |  0.4
Stealth        | |  2.1
Transmutations | |  0.7
Evocations     | |  0.1

Action                   |  1- 3 |  4- 6 || total
-------------------------+-------+-------++-------
Melee: Unarmed           |    42 |       ||    42
       Club              |    41 |   118 ||   159
       Flail             |       |     7 ||     7
       Quarterstaff      |       |    49 ||    49
 Cast: Sandblast         |    20 |    22 ||    42
       Stone Arrow       |     2 |    19 ||    21
 Abil: Evoke Invisibilit |       |     1 ||     1
  Use: Scroll            |       |     1 ||     1
 Stab: Sleeping          |     2 |     2 ||     4
       Paralysed         |       |     1 ||     1
  Eat: Chunk             |     1 |    10 ||    11
Armor: Robe              |    32 |    88 ||   120
Dodge: Dodged            |    53 |   140 ||   193

Table legend:
 A = Non-vault XP
 B = Vault XP
 C = Vault XP percentage of total XP
 D = Non-vault monster count
 E = Vault monster count
 F = Vault count percentage of total count
                 A         B        C        D         E       F
            +---------+---------+-------+---------+---------+-------
      Total |     259 |     190 |  42.3 |      58 |      18 |  23.7
            +---------+---------+-------+---------+---------+-------
        D:1 |      30 |      44 |  59.5 |      15 |       4 |  21.1
        D:2 |     153 |     109 |  41.6 |      24 |      13 |  35.1
        D:3 |      76 |      37 |  32.7 |      19 |       1 |   5.0
            +---------+---------+-------+---------+---------+-------
